 Dungeon Crawl Stone Soup version 0.17-a0-1123-g6d3914c (webtiles) character file.

3325 MonkeyBuisness the Fighter (level 9, 0/83 HPs)
             Began as a Minotaur Fighter on May 23, 2015.
             Was a Believer of Okawaru.
             Succumbed to a soldier ant's poison
             ... on level 8 of the Dungeon on May 24, 2015.
             The game lasted 00:30:55 (9816 turns).

MonkeyBuisness the Fighter (Minotaur Fighter)       Turns: 9816, Time: 00:30:55

Health: 0/83       AC: 13    Str: 30    XL:     9   Next: 71%
Magic:  8/8        EV: 11    Int:  5    God:    Okawaru [**....]
Gold:   307        SH:  0    Dex:  9    Spells: 0 memorised, 8 levels left

rFire  . . .     SeeInvis .     a - +0 war axe
rCold  . . .     Clarity  .     F - +1 chain mail {MR+}
rNeg   . . .     SustAt   .     (no shield)
rPois  .         Gourm    .     (helmet restricted)
rElec  .         Spirit   .     j - +0 cloak
rCorr  .         Warding  .     (no gloves)
rMut   .         Stasis   .     (no boots)
MR     +....                    (no amulet)
Stlth  ..........               (no ring)
                                (no ring)

@: mighty, lethally poisoned (0 -> -11), somewhat resistant to hostile
enchantments, extremely unstealthy
A: retaliatory headbutt, horns 2
a: Heroism, Renounce Religion


You were on level 8 of the Dungeon.
You worshipped Okawaru.
Okawaru was pleased with you.
You were full.

You visited 1 branch of the dungeon, and saw 8 of its levels.
You also visited: Sewer.

You collected 433 gold pieces.
You spent 126 gold pieces at shops.

Inventory:

Hand weapons
 a - a +0 war axe (weapon)
 I - a +0 blowgun
   (You found it on level 6 of the Dungeon)
Armour
 j - a +0 cloak (worn)
   (You found it on level 1 of the Dungeon)
 F - a +1 chain mail of magic resistance (worn)
   (You bought it in a shop on level 5 of the Dungeon)
Jewellery
 d - an uncursed ring of stealth {unknown}
   (You found it on level 3 of the Dungeon)
 p - a +3 ring of protection {unknown}
   (You found it on level 2 of the Dungeon)
 v - a +3 ring of protection {unknown}
   (You found it on level 3 of the Dungeon)
 w - an uncursed ring of protection from fire {unknown}
   (You found it on level 3 of the Dungeon)
 E - an uncursed ring of invisibility {unknown}
   (You found it on level 5 of the Dungeon)
 L - an uncursed ring of fire {unknown}
   (You took it off an orc wizard on level 6 of the Dungeon)
 P - a +3 ring of evasion {unknown}
   (You found it on level 8 of the Dungeon)
Magical devices
 s - a wand of fire (8)
   (You found it on level 3 of the Dungeon)
 y - a wand of heal wounds (6)
   (You took it off Duvessa on level 4 of the Dungeon)
 B - a wand of random effects (35)
   (You took it off Dowan on level 4 of the Dungeon)
 C - a wand of flame (35)
   (You took it off Eustachio on level 4 of the Dungeon)
 H - a wand of paralysis (15)
   (You found it on level 6 of the Dungeon)
 U - a wand of frost (27)
   (You found it on level 8 of the Dungeon)
Scrolls
 c - a scroll of noise {unknown}
 g - 6 scrolls of teleportation {unknown}
 i - a scroll of recharging {unknown}
 k - 3 scrolls of remove curse {unknown}
 n - 2 scrolls of blinking {unknown}
 q - a scroll of enchant weapon {unknown}
 r - 6 scrolls of identify {unknown}
 t - 2 scrolls of enchant armour {unknown}
 x - a scroll of magic mapping {unknown}
 D - 2 scrolls of immolation {unknown}
 M - a scroll of amnesia {unknown}
 O - a scroll of fog {unknown}
 Q - a scroll of vulnerability {unknown}
Potions
 b - 2 potions of heal wounds {unknown}
 f - 6 potions of curing {unknown}
 l - a potion of ambrosia {unknown}
 o - 3 potions of mutation {unknown}
 u - 6 potions of invisibility
 z - 3 potions of flight {unknown}
 A - 2 potions of lignification {unknown}
 G - 3 potions of degeneration {unknown}
 R - a potion of haste {unknown}
 S - a potion of agility {unknown}
 T - a potion of brilliance {unknown}
Books
 N - a Young Poisoner's Handbook
   (You found it on level 8 of the Dungeon)
Comestibles
 e - a bread ration {@e1}
 h - 3 beef jerkies
 m - a meat ration {@e2}
 J - 3 fruits


   Skills:
 + Level 9.0 Fighting
 + Level 8.7 Axes
 + Level 8.8 Armour
 + Level 7.6 Dodging
   Level 3.6 Shields


You had 8 spell levels left.
You didn't know any spells.

Dungeon Overview and Level Annotations

Branches:
Dungeon (8/15)             Temple (0/1) D:7
   Lair: D:8-11

Altars:
Cheibriados
Fedhas
Gozag
Kikubaaqudgha
Nemelex Xobeh
Okawaru
Ru
Trog
Xom
Yredelemnul

Shops:
D:5 }[(*   D:7 =   D:8 [


Innate Abilities, Weirdness & Mutations

You reflexively headbutt those who attack you in melee.
You have a pair of horns on your head.


Message History

You slash the soldier ant!
You kill the soldier ant!
Okawaru accepts your kill.
You hit the soldier ant but do no damage.
You feel very sick. The soldier ant stings you.
You take 4 damage, and have 60/82 hp.
You slash the soldier ant! Your headbutt misses the soldier ant.
You feel very sick. The soldier ant stings you.
You are more poisoned.
The soldier ant poisons you!
You take 5 damage, and have 55/82 hp.
You are too injured to fight recklessly!
You are too injured to fight recklessly!
You are too injured to fight recklessly!
You are too injured to fight recklessly!
You are too injured to fight recklessly!
You hit the soldier ant but do no damage.
Your headbutt misses the soldier ant.
You feel very sick. The soldier ant closely misses you.
You furiously retaliate!
You headbutt the soldier ant, but do no damage.
You take 3 damage, and have 52/82 hp.
You slash the soldier ant!
You feel very sick.
The soldier ant stings you but does no damage.
You take 3 damage, and have 49/82 hp.
You barely miss the soldier ant. Your headbutt misses the soldier ant.
You feel very sick.
The soldier ant stings you but does no damage.
You take 3 damage, and have 46/82 hp.
You hit the soldier ant.
You feel very sick.
The soldier ant stings you but does no damage.
You take 3 damage, and have 43/82 hp.
You hit the soldier ant but do no damage.
You feel very sick. The soldier ant stings you.
You are more poisoned.
The soldier ant poisons you!
The soldier ant stings you but does no damage.
You take 3 damage, and have 40/82 hp.
You barely miss the soldier ant.
You feel very sick. The soldier ant barely misses you.
You take 3 damage, and have 37/82 hp.
You hit the soldier ant. Your headbutt misses the soldier ant.
You feel very sick. The soldier ant completely misses you.
You furiously retaliate!
You headbutt the soldier ant.
You take 3 damage, and have 34/82 hp.
You hit the soldier ant but do no damage.
You feel very sick.
The soldier ant stings you but does no damage.
You take 3 damage, and have 31/82 hp.
Unknown command.
You closely miss the soldier ant.
You headbutt the soldier ant, but do no damage.
You feel very sick. The soldier ant stings you.
You take 4 damage, and have 27/82 hp.
You hit the soldier ant. Your headbutt misses the soldier ant.
* * * LOW HITPOINT WARNING * * *
You feel very sick. The soldier ant barely misses you. You furiously retaliate!
You headbutt the soldier ant.
You take 3 damage, and have 24/82 hp.
You closely miss the soldier ant.
* * * LOW HITPOINT WARNING * * *
You feel sick. The soldier ant stings you.
* * * LOW HITPOINT WARNING * * *
You take 3 damage, and have 21/82 hp.
You hit the soldier ant but do no damage.
* * * LOW HITPOINT WARNING * * *
You feel sick. The soldier ant stings you.
* * * LOW HITPOINT WARNING * * *
You take 7 damage, and have 14/82 hp.
* * * LOW HITPOINT WARNING * * *
You feel sick.
You take 1 damage, and have 13/82 hp.
* * * LOW HITPOINT WARNING * * *
You feel sick.
You take 2 damage, and have 11/82 hp.
You feel very mighty all of a sudden.
* * * LOW HITPOINT WARNING * * *
You feel sick. The soldier ant stings you.
* * * LOW HITPOINT WARNING * * *
You take 7 damage, and have 4/82 hp.
You hit the soldier ant.
You kill the soldier ant!
Okawaru accepts your kill.
Your Fighting skill increases to level 9!
* * * LOW HITPOINT WARNING * * *
You feel sick.
You take 2 damage, and have 2/83 hp.
* * * LOW HITPOINT WARNING * * *
You feel sick.
You continue eating.
You die...

.### #....(..[..##....# ###....
...####..†(.....###....####.....#
##...#.....(...## ##............#
###............# #.......#.....
##.........<.####....###...##.
##.............##...###..#####
####...........#######.##...# #
#..............##†#.#####..## #
..........###...@#†# #.## ##
..........###..##†#.# #.## #.
##.............#.#.#.# ##..#####.
###..#...>##..## ######......#..
#..#..#####.# #............#
#..#..# ##..# ##....####.....
##.#..###..## ##......# ##....
##......#...# #..#....# ##...
#<.....)...#####.###...####....


There were no monsters in sight!

Vanquished Creatures
  A two-headed ogre (D:8)
  Sigmund (D:4)
  Eustachio (D:4)
  2 soldier ants (D:8)
  Duvessa (D:4)
  An orc warrior (D:7)
  A spider (D:8)
  An ice beast (D:7)
  A sky beast (D:5)
  2 centaurs (D:8)
  2 ogres
  2 giant frogs (D:7)
  A wyvern skeleton (D:8)
  Dowan (D:4)
  5 killer bees (D:7)
  3 scorpions (D:7)
  The ghost of Mulkerokala the Covered, a weakling GrFi (D:4)
  2 crimson imps (D:8)
  2 jellies (D:5)
  5 orc wizards
  Ijyb (D:1)
  2 orc priests
  A centaur zombie (D:7)
  2 giant frog skeletons
  3 iguanas
  4 hounds
  3 worker ants
  2 hound zombies
  2 hound skeletons (D:4)
  3 worker ant zombies
  11 adders
  10 gnolls
  3 shadow imps
  A white imp (D:4)
  An adder zombie (D:5)
  4 worms
  An adder skeleton (D:6)
  17 orcs
  8 giant cockroaches
  2 gnoll zombies (D:6)
  20 goblins
  12 hobgoblins
  15 jackals
  7 kobolds
  4 quokkas
  3 ball pythons
  15 bats
  5 giant geckos
  A giant gecko skeleton (D:7)
  6 giant newts
  12 rats
217 creatures vanquished.

Vanquished Creatures (others)
  A centaur (D:7)
  An ogre (D:7)
  A giant frog (D:7)
  A crimson imp (D:7)
  A worker ant (D:7)
  2 bats
7 creatures vanquished.

Grand Total: 224 creatures vanquished

Notes
Turn   | Place    | Note
--------------------------------------------------------------
     0 | D:1      | MonkeyBuisness the Minotaur Fighter began the quest for the Orb.
     0 | D:1      | Reached XP level 1. HP: 19/19 MP: 0/0
   212 | D:1      | Reached skill level 1 in Dodging
   212 | D:1      | Reached XP level 2. HP: 27/27 MP: 1/1
   522 | D:1      | Reached skill level 3 in Axes
   665 | D:1      | Reached skill level 4 in Armour
   665 | D:1      | Reached XP level 3. HP: 28/33 MP: 2/2
   672 | D:2      | Noticed Ijyb
   702 | D:1      | Killed Ijyb
   702 | D:1      | Reached skill level 4 in Fighting
   885 | D:1      | Reached XP level 4. HP: 27/40 MP: 3/3
  1397 | D:2      | Reached skill level 2 in Dodging
  1589 | D:2      | Reached skill level 4 in Axes
  1598 | D:2      | Found an ancient bone altar of Kikubaaqudgha.
  1781 | D:2      | Reached XP level 5. HP: 36/47 MP: 4/4
  2296 | D:3      | Noticed an ogre
  2301 | D:3      | Killed an ogre
  2301 | D:3      | Reached skill level 3 in Dodging
  2587 | D:3      | Reached XP level 6. HP: 55/55 MP: 5/5
  2698 | D:3      | Found a blossoming altar of Fedhas.
  2699 | D:3      | Found a snail-covered altar of Cheibriados.
  2702 | D:3      | Found an opulent altar of Gozag.
  2864 | D:4      | Reached skill level 5 in Fighting
  2873 | D:4      | Reached skill level 5 in Armour
  2992 | D:4      | Found a glowing drain.
  3000 | Sewer    | Entered a sewer
  3348 | D:4      | Noticed Mulkerokala's ghost (weakling GrFi)
  3361 | D:4      | Killed Mulkerokala's ghost
  3361 | D:4      | Reached skill level 5 in Axes
  3574 | D:4      | Noticed Sigmund
  3608 | D:4      | Killed Sigmund
  3608 | D:4      | Reached skill level 4 in Dodging
  3608 | D:4      | Reached XP level 7. HP: 22/61 MP: 6/6
  3620 | D:4      | HP: 15/61 [poisoned by an adder]
  3628 | D:4      | HP: 15/61 [poisoned by an adder]
  4011 | D:4      | Noticed Duvessa
  4011 | D:4      | Noticed Dowan
  4021 | D:4      | Killed Dowan
  4027 | D:4      | Killed Duvessa
  4027 | D:4      | Reached skill level 6 in Armour
  4217 | D:4      | Noticed Eustachio
  4233 | D:4      | Killed Eustachio
  4233 | D:4      | Reached skill level 6 in Fighting
  4233 | D:4      | Reached skill level 6 in Axes
  4347 | D:4      | Reached skill level 5 in Dodging
  4392 | D:5      | Entered Level 5 of the Dungeon
  4423 | D:5      | Reached XP level 8. HP: 18/71 MP: 7/7
  4753 | D:5      | Found Bosusif's Gadget Shoppe.
  4823 | D:5      | Found Amniuzez's Antique Armour Shop.
  4831 | D:5      | Bought a shiny chain mail for 126 gold pieces
  4903 | D:5      | Found a sparkling altar of Nemelex Xobeh.
  5176 | D:5      | Found Ilolan's General Store.
  5395 | D:5      | Found Vomufyc's Weapon Shop.
  5742 | D:6      | Found an iron altar of Okawaru.
  5783 | D:6      | Became a worshipper of Warmaster Okawaru
  5950 | D:6      | Found a sacrificial altar of Ru.
  6162 | D:6      | Found a basalt altar of Yredelemnul.
  6815 | D:7      | Reached skill level 7 in Fighting
  6827 | D:7      | Found a staircase to the Ecumenical Temple.
  7095 | D:7      | Reached skill level 7 in Armour
  7227 | D:7      | Reached skill level 7 in Axes
  7269 | D:7      | Found a shimmering altar of Xom.
  7378 | D:7      | Reached skill level 6 in Dodging
  7401 | D:7      | Found a bloodstained altar of Trog.
  7548 | D:7      | HP: 15/74 [killer bee (5)]
  7949 | D:7      | Found Kalum's Jewellery Shoppe.
  7956 | D:7      | Reached XP level 9. HP: 81/81 MP: 8/8
  8094 | D:7      | Acquired Okawaru's first power
  8094 | D:7      | Reached skill level 8 in Fighting
  8384 | D:7      | Upgraded the game from 0.17-a0-1115-g0372368 to 0.17-a0-1123-g6d3914c
  8411 | D:8      | Found Tecwunyrgh's Armour Shoppe.
  8677 | D:8      | Reached skill level 8 in Armour
  8887 | D:8      | Reached skill level 8 in Axes
  8887 | D:8      | Reached skill level 7 in Dodging
  9810 | D:8      | HP: 19/82 [poisoned by a soldier ant]
  9813 | D:8      | HP: 4/82 [soldier ant (6)]
  9814 | D:8      | Reached skill level 9 in Fighting
  9815 | D:8      | HP: 1/83 [poisoned by a soldier ant]
  9816 | D:8      | Succumbed to a soldier ant's poison

Vault maps used:
D:1:      matt_arrival_grand_opening
D:2:      kiku_gazebo_pond_becter, uniq_iyjb
D:3:      grunt_temple_overflow_open
D:4:      lightli_sewer_entry_pipes, uniq_eustachio, uniq_duvessa, uniq_sigmund
D:5:      nicolae_overflow_hidden_temple, serial_shops, shop,
          kennysheep_little_box, nicolae_shop_behind_doors, shop, first_bread,
          minmay_bad_closet, minivault_11
D:6:      nicolae_overflow_crystal_walls, lemuel_zombie_altar_yredelemnul,
          okawaru_ov_weapons_minmay
D:7:      xom_confusion_cloud, overflow_temple_1_default,
          minmay_temple_entry_glass, serial_shops, shop
D:8:      serial_shops, shop, hangedman_pestilent_swarm
Sewer:    sewer_fruit_machine

Action                   |  1- 3 |  4- 6 |  7- 9 || total
-------------------------+-------+-------+-------++-------
Melee: War axe           |    63 |   187 |   378 ||   628
  Use: Potion            |       |     1 |     1 ||     2
  Eat: Chunk             |       |     7 |     9 ||    16
       Meat ration       |       |     1 |     1 ||     2
       Bread ration      |       |       |     2 ||     2

Vault maps used:
D:1:      matt_arrival_grand_opening
D:2:      kiku_gazebo_pond_becter, uniq_iyjb
D:3:      grunt_temple_overflow_open
D:4:      lightli_sewer_entry_pipes, uniq_eustachio, uniq_duvessa, uniq_sigmund
D:5:      nicolae_overflow_hidden_temple, serial_shops, shop,
          kennysheep_little_box, nicolae_shop_behind_doors, shop, first_bread,
          minmay_bad_closet, minivault_11
D:6:      nicolae_overflow_crystal_walls, lemuel_zombie_altar_yredelemnul,
          okawaru_ov_weapons_minmay
D:7:      xom_confusion_cloud, overflow_temple_1_default,
          minmay_temple_entry_glass, serial_shops, shop
D:8:      serial_shops, shop, hangedman_pestilent_swarm
Sewer:    sewer_fruit_machine

Table legend:
 A = Turns spent in this place as a percentage of turns spent in the entire game.
 B = Non-inter-level travel turns spent in this place as a percentage of non-inter-level travel turns spent in the entire game.
 C = Inter-level travel turns spent in this place as a percentage of turns spent in this place.
 D = Turns resting spent in this place as a percentage of non-inter-level travel turns spent in this place.
 E = Turns spent auto-exploring this place as a percentage of non-inter-level travel turns spent in this place.
 F = Non-inter-level travel turns spent in this place divided by the number of levels of this place that you've seen.
                   A       B       C       D       E      F
               +-------+-------+-------+-------+-------+----------------------
         Total | 100.0 | 100.0 |   0.7 |   3.0 |  12.2 | 215.4
       Dungeon |  94.2 |  94.1 |   0.8 |   3.2 |  12.6 | 228.1
         Sewer |   5.8 |   5.9 |   0.0 |   0.0 |   6.1 | 114.0
               +-------+-------+-------+-------+-------+----------------------

Table legend:
 A = Kills in this place as a percentage of kills in entire the game.
 B = Kills by you in this place as a percentage of kills by you in the entire game.
 C = Kills by friends in this place as a percentage of kills by friends in the entire game.
 D = Other kills in this place as a percentage of other kills in the entire game.
 E = Experience gained in this place as a percentage of experience gained in the entire game.
 F = Experience gained in this place divided by the number of levels of this place that you have seen.
                   A       B       C       D       E      F
               +-------+-------+-------+-------+-------+----------------------
         Total | 100.0 | 100.0 |  -nan |  -nan | 100.0 | 527.9
       Dungeon |  92.5 |  92.5 |  -nan |  -nan |  99.5 | 590.9
         Sewer |   7.5 |   7.5 |  -nan |  -nan |   0.5 |  24.0
               +-------+-------+-------+-------+-------+----------------------
